 Dungeon Crawl Stone Soup version 0.29-a0-620-g13ace881f2 (webtiles) character file.

Game seed: 13014322169295476569

31 CollectiveS the Skirmisher (level 3, -2/29 HPs)
             Began as a Demonspawn Fighter on June 19, 2022.
             Slain by Ijyb
             ... wielding a +0 dagger of electrocution
              (10 damage)
             ... while paralysed by Ijyb
             ... on level 2 of the Dungeon.
             The game lasted 00:01:41 (889 turns).

CollectiveS the Skirmisher (Demonspawn Fighter)      Turns: 889, Time: 00:01:41

Health: -2/29      AC:  8    Str: 18    XL:     3   Next: 7%
Magic:  3/3        EV:  2    Int:  9    God:
Gold:   14         SH:  0    Dex: 12    Spells: 2/2 levels left

rFire   . . .      SeeInvis .   a - +0 flail
rCold   . . .      Faith    .   c - +0 buckler
rNeg    . . .      Spirit   .   b - +0 scale mail
rPois   .          Reflect  .   h - +1 helmet
rElec   .          Harm     .   (no cloak)
rCorr   .          Rampage  .   (no gloves)
Will    .....                   (no boots)
Stlth   ..........              (no amulet)
HPRegen 0.09/turn               (no ring)
MPRegen 0.08/turn               (no ring)

@: paralysed
A: powered by pain 1
a: no special abilities


You were on level 2 of the Dungeon.
You visited 1 branch of the dungeon, and saw 2 of its levels.

You collected 14 gold pieces.

Inventory:

Hand Weapons
 a - a +0 flail (weapon)
Armour
 b - a +0 scale mail (worn)
 c - a +0 buckler (worn)
 h - a +1 helmet (worn)
Scrolls
 f - a scroll of identify {unknown}
 i - a scroll of poison {unknown}
 l - a scroll of vulnerability {unknown}
Potions
 d - a potion of might
 e - a potion of haste
 g - a potion of attraction {unknown}
 j - a potion of cancellation {unknown}
 k - a potion of curing {unknown}


   Skills:
 + Level 3.3 Fighting
 + Level 2.1 Maces & Flails
 + Level 3.0 Armour
 + Level 3.0 Shields


You had 2 spell levels left.
You didn't know any spells.
Your spell library was empty.

Dungeon Overview and Level Annotations

Branches:
Dungeon (2/15)

Altars:

Annotations:
D:2 Ijyb


Innate Abilities, Weirdness & Mutations

You sometimes gain a little power by taking damage.


Message History

No target in view!
Found a dagger.
No target in view!
You see here a +0 dagger.
A goblin comes into view. It is wielding a +0 club.
The goblin shouts!
You hear a shout! x2
A goblin comes into view. It is wielding a +0 club. x3
A goblin comes into view. It is wielding a +0 club.
The goblin shouts! x3
A goblin comes into view. It is wielding a +0 dagger.
The goblin moves out of view.
Ijyb the Twisted Goblin comes into view.
She is wielding a +0 dagger of electrocution and carrying a wand of paralysis (10).
There are monsters nearby!
There are monsters nearby!
Found a scroll labelled UCWOTS YTUDIE and a dented pearl amulet.
Ijyb drinks a potion.
Ijyb seems to speed up.
The goblin hits you but does no damage.
There are monsters nearby!
You hit the goblin but do no damage. You block the goblin's attack.
The goblin hits you with a +0 club. The goblin barely misses you.
There are monsters nearby!
You hit the goblin.
You kill the goblin!
The goblin barely misses you.
There are monsters nearby!
There are monsters nearby!
You thump the goblin!
You kill the goblin!
The goblin closely misses you. You block the goblin's attack.
The goblin hits you with a +0 club. x2
Unknown command.
The goblin attacks as you move away! The goblin hits you but does no damage.
Ijyb attacks as you move away! You block Ijyb's attack.
Ijyb zaps a wand.
You resist with significant effort. Ijyb attacks as you move away!
Ijyb hits you but does no damage.
Ijyb zaps a wand.
You suddenly lose the ability to move!
Ijyb hits you but does no damage.
You are electrocuted!
* * * LOW HITPOINT WARNING * * *
Ijyb hits you but does no damage.
You are electrocuted!
You die...

############
...........#
#.....####)#
+.....†.<#.#
#..........# ###
..#+##....@######....
+....gggg.....#
#.....#g......#
#####.#8.....8#
#.#.).....#
#.#8.....8#
#.#.......#
#.#8.....8#
#.#.......#


You could see Ijyb (fast) and 4 goblins.

Vanquished Creatures
  5 endoplasms (D:1)
  2 giant cockroaches (D:1)
  7 goblins
  3 jackals (D:1)
  A quokka (D:1)
  A ball python (D:1)
  2 bats (D:1)
  4 frilled lizards (D:1)
  3 rats
28 creatures vanquished.

Notes
Turn   | Place    | Note
-------+----------+-------------------------------------------
     0 | D:1      | CollectiveS the Demonspawn Fighter began the quest for the
                  | Orb.
     0 | D:1      | Reached XP level 1. HP: 18/18 MP: 1/1
   224 | D:1      | Gained mutation: You sometimes gain a little power by
                  | taking damage. [demonic ancestry]
   224 | D:1      | Reached XP level 2. HP: 24/24 MP: 2/2
   871 | D:2      | Reached XP level 3. HP: 29/29 MP: 3/3
   879 | D:2      | Noticed Ijyb
   886 | D:2      | Paralysed by Ijyb for 4 turns
   889 | D:2      | Slain by Ijyb

Illustrated notes

Levels and vault maps discovered:
D:1:      lemuel_arrival_muddy, layout_basic, corexii_leaking_fountain
D:2:      kennysheep_the_goblin_king, layout_basic

Skill      XL: |  1  2 |
---------------+-------+-----
Maces & Flails | 2 |  2.1
Armour         | 3 |  3.0
Shields        | 3 |  3.0
Fighting       | |  3.3

Action                   || total
-------------------------++-------
Melee: Flail             ||    76
Armor: Scale mail        ||    36
Dodge: Dodged            ||    40
Block: Buckler           ||    14

Table legend: (Time is in decaauts)
 A = Elapsed time spent in this place.
 B = Non-inter-level travel time spent in this place.
 C = Inter-level travel time spent in this place.
 D = Time resting spent in this place.
 E = Time spent auto-exploring this place.
 F = Levels seen in this place.
 G = Mean time per level.
                   A        B        C        D        E       F      G
               +--------+--------+--------+--------+--------+-----+--------+
         Total |    915 |    845 |     70 |      0 |    647 |   2 |  457.5 |
       Dungeon |    915 |    845 |     70 |      0 |    647 |   2 |  457.5 |
               +--------+--------+--------+--------+--------+-----+--------+

Top non-repeatable levels by time:
     D:1: 890 daAuts
     D:2: 25 daAuts
